 Dungeon Crawl Stone Soup version 0.18.1-8-gdd0e5ea (webtiles) character file.

222 Shtopit the Ducker (level 5, -4/24 HPs)
             Began as a Spriggan Conjurer on May 28, 2016.
             Slain by Pikel
             ... wielding a +1 whip of freezing
              (11 damage)
             ... on level 4 of the Dungeon.
             The game lasted 00:14:43 (4260 turns).

Shtopit the Ducker (Spriggan Conjurer)              Turns: 4260, Time: 00:14:43

Health: -4/24      AC:  2    Str:  4    XL:     5   Next: 66%
Magic:  2/11       EV: 20    Int: 17    God:
Gold:   124        SH:  0    Dex: 17    Spells: 3 memorised, 5 levels left

rFire  . . .     SeeInvis +     f - +0 dagger
rCold  . . .     Gourm    .     a - +0 robe
rNeg   . . .     Faith    .     (shield restricted)
rPois  .         Spirit   .     (helmet restricted)
rElec  .         Dismiss  .     (no cloak)
rCorr  .         Reflect  .     (gloves unavailable)
SustAt .         Harm     .     (boots unavailable)
MR     .....                    (no amulet)
Stlth  +++.......               (no ring)
                                (no ring)

@: about to teleport, very quick, not resistant to hostile enchantments, fairly
stealthy
A: unfitting armour, see invisible, herbivore 3, speed 3, slow metabolism 2
a: no special abilities


You were on level 4 of the Dungeon.
You were not hungry.

You visited 1 branch of the dungeon, and saw 4 of its levels.

You collected 211 gold pieces.
You spent 87 gold pieces at shops.

Inventory:

Hand Weapons
 f - a +0 dagger (weapon)
 s - a +0 rapier
Armour
 a - a +0 robe (worn)
Jewellery
 j - an uncursed ring of protection from magic
 k - an uncursed ring of positive energy {unknown}
 p - an uncursed ring of protection from cold {unknown}
Scrolls
 d - a scroll of recharging
 g - 2 scrolls of identify
 i - 2 scrolls of teleportation
 o - a scroll of fear {unknown}
 r - a scroll of amnesia {unknown}
 t - a scroll of magic mapping {unknown}
 u - a scroll of remove curse {unknown}
Potions
 e - a potion of brilliance {unknown}
 h - a potion of curing
 m - a potion of cure mutation {unknown}
 q - a potion of heal wounds {unknown}
Books
 b - a book of Conjurations

   Spells                             Type                      Level
   a - Magic Dart                     Conjuration                  1
   b - Searing Ray                    Conjuration                  2
   c - Dazzling Spray                 Conjuration/Hexes            3
   d - Fulminant Prism                Conjuration/Hexes            4
   e - Iskenderun's Mystic Blast      Conjuration                  4
   f - Iskenderun's Battlesphere      Conjuration/Charms           5
 n - a book of Death

   Spells                             Type                      Level
   a - Corpse Rot                     Necromancy                   2
   b - Sublimation of Blood           Necromancy                   2
   c - Agony                          Necromancy                   5
   d - Dispel Undead                  Necromancy                   5
   e - Excruciating Wounds            Charms/Necromancy            5
   f - Bolt of Draining               Conjuration/Necromancy       5
Comestibles
 c - 3 bread rations
 l - 3 fruits


   Skills:
 + Level 0.2 Fighting
 + Level 0.9 Short Blades
 + Level 5.0 Dodging
 + Level 4.4 Stealth
 + Level 3.9 Spellcasting
 + Level 3.9 Conjurations


You had 5 spell levels left.
You knew the following spells:

 Your Spells              Type           Power        Failure   Level  Hunger
a - Magic Dart            Conj           ###.         3%          1    None
b - Searing Ray           Conj           ###...       6%          2    ##.....
c - Dazzling Spray        Conj/Hex       ##......     24%         3    ###....


Dungeon Overview and Level Annotations

Branches:
Dungeon (4/15)
 Temple: D:4-7

Altars:
Sif Muna
Zin

Shops:
D:4 *

Annotations:
D:4 Pikel


Innate Abilities, Weirdness & Mutations

You are tiny and cannot use many weapons and most armour.
You have supernaturally acute eyesight.
You are a herbivore.
You cover ground extremely quickly.
You need consume almost no food.


Message History

You aren't carrying any rechargeable items.
The slave hits you.
* * * LOW HITPOINT WARNING * * *
Pikel barely misses you.
A slave comes into view.
Read which item? (? for menu, Esc to quit)
As you read the scroll labeled OLYNOUFFYP, it crumbles to dust.
It is a scroll of identify.
Identify which item? (\ to view known items) (? for menu, Esc to quit)
j - an uncursed ring of protection from magic The slave completely misses you.
Pikel closely misses you.
Read which item? (? for menu, Esc to quit)
As you read the scroll labeled LALYBB FORAA, it crumbles to dust.
You feel strangely unstable.
It was a scroll of teleportation.
The slave hits you but does no damage. Pikel hits you but does no damage.
Drink which item? (? for menu, Esc to quit)
You feel better. The slave hits you!
* * * LOW HITPOINT WARNING * * *
Pikel hits you with a whip of freezing!
You die...

#.#.#.###.### .
#.....# #...#
.###.....###.#.###
..................
#.##.##.#.........
#p........†p##.###
#p##.##.##..##.#
#K##.##.##..##.#
#@##........##.#
#p#####p#...##.# #)#
#.#.#.##.#
######.#####.#.#.##.#
!...........p...#..<.#
........####.#######.#
#######.# #....#.)..#
#.# ##.#.#.#### #.#
#.#.#.#


You could see Pikel and 3 slaves.

Vanquished Creatures
  An ogre (D:4)
  2 adders
  3 oozes
  2 worms (D:2)
  2 dart slugs
  3 giant geckos
  An orc (D:3)
  6 giant cockroaches
  12 goblins
  12 hobgoblins
  9 jackals (D:3)
  7 kobolds
  6 bats
  6 giant newts
  11 rats
83 creatures vanquished.

Notes
Turn   | Place    | Note
--------------------------------------------------------------
     0 | D:1      | Shtopit the Spriggan Conjurer began the quest for the Orb.
     0 | D:1      | Reached XP level 1. HP: 9/9 MP: 5/5
   305 | D:1      | Reached XP level 2. HP: 10/13 MP: 3/6
   371 | D:1      | Learned a level 2 spell: Searing Ray
   927 | D:1      | Reached XP level 3. HP: 16/16 MP: 2/8
  1718 | D:1      | Learned a level 3 spell: Dazzling Spray
  2159 | D:2      | Reached skill level 4 in Dodging
  2159 | D:2      | Reached XP level 4. HP: 19/21 MP: 3/9
  3257 | D:3      | Found a glowing silver altar of Zin.
  3257 | D:3      | Found a deep blue altar of Sif Muna.
  4082 | D:4      | Noticed an ogre
  4086 | D:4      | Found Jopaple's Assorted Antiques.
  4110 | D:4      | Killed an ogre
  4110 | D:4      | Reached skill level 5 in Dodging
  4110 | D:4      | Reached XP level 5. HP: 24/24 MP: 5/11
  4170 | D:4      | Bought a scroll labeled COOSAUL VUROBY for 29 gold pieces
  4170 | D:4      | Bought a scroll labeled OLYNOUFFYP for 29 gold pieces
  4170 | D:4      | Bought a scroll labeled APTUTUPRUTT for 29 gold pieces
  4207 | D:4      | Noticed Pikel
  4207 | D:4      | Noticed a slave
  4207 | D:4      | Noticed a slave
  4251 | D:4      | Noticed a slave
  4258 | D:4      | Noticed a slave
  4260 | D:4      | Slain by Pikel

Skill      XL: |  1  2  3  4 |
---------------+-------------+-----
Conjurations   | 3 |  3.9
Spellcasting   | 3 |  3.9
Dodging        | 4 5 |  5.0
Stealth        | 4 |  4.4
Fighting       | |  0.2
Short Blades   | |  0.9

Action                   |  1- 3 |  4- 6 || total
-------------------------+-------+-------++-------
Melee: Dagger            |    97 |    66 ||   163
 Cast: Magic Dart        |    66 |    46 ||   112
       Searing Ray       |     3 |     6 ||     9
  Use: Scroll            |       |     3 ||     3
       Potion            |       |     2 ||     2
 Stab: Sleeping          |     7 |     8 ||    15
       Distracted        |     1 |       ||     1
  Eat: Pizza             |       |     1 ||     1
Armor: Robe              |    16 |    11 ||    27
Dodge: Dodged            |   112 |    94 ||   206
